 Dungeon Crawl Stone Soup version 0.31-a0-1074-g0b22e4e0f1 (webtiles) character file.

Game seed: 95674100324833554

4 monsoonserge the Changeling (level 1, 0/13 HPs)
             Began as an Octopode Shapeshifter on Dec 4, 2023.
             Slain by a gnoll
             ... wielding a +0 club
              (7 damage)
             ... on level 1 of the Dungeon.
             The game lasted 00:00:49 (99 turns).

monsoonserge the Changeling (Octopode Shapeshifter)   Turns: 99, Time: 00:00:51

Health: 0/13       AC:  1    Str: 13    XL:     1   Next: 60%
Magic:  1/1        EV: 13    Int: 12    God:
Gold:   11         SH:  0    Dex: 11    Spells: 0/0 levels left

rFire   . .          .
                       - Unarmed
rCold   . . .        (no shield)
rNeg    . . .        (helmet currently unavailable)
rPois   +            (no amulet)
rElec   .            d - ring of poison resistance
rCorr   .            (no ring)
SInv    .            (no ring)
Will    .....        (no ring)
Stlth   ++           (no ring)
HPRegen 0.22/turn    (no ring)
MPRegen 0.07/turn    (no ring)
                     (no ring)

%: no passive effects
@: beast-form
A: beast (slay +1), almost no armour, amphibious, 8 rings, camouflage 1,
gelatinous body 1, (nimble swimmer 1), tentacles
a: Begin Untransformation


You were on level 1 of the Dungeon.
You were a hulking beast.
You visited 1 branch of the dungeon, and saw 1 of its levels.

You collected 11 gold pieces.

Inventory:

Jewellery
 d - a ring of poison resistance (left tentacle)
Talismans
 b - a beast talisman
 c - a flux talisman
Potions
 a - a potion of lignification


   Skills:
 - Level 1.0 Fighting
 - Level 2.0 Dodging
 - Level 3.0 Unarmed Combat
 + Level 3.2 Shapeshifting


You couldn't memorise any spells.
You didn't know any spells.
Your spell library was empty.

Dungeon Overview and Level Annotations

Branches:
Dungeon (1/15)

Altars:


Innate Abilities, Weirdness & Mutations

You are a hulking beast.
Your limbs bulge with bestial killing power. (Slay +1)
You cannot wear most types of armour.
You are amphibious.
You can wear up to eight rings at the same time.
Your skin changes colour to match your surroundings (Stealth+).
Your rubbery body absorbs attacks. (AC +1, EV +1)
((You are camouflaged when in or above water. (Stealth+)))
You have tentacles for arms and can constrict up to eight enemies at once.


Message History

You see here a +0 robe.
Found a stone staircase leading down.
Found a dagger.
A kobold comes into view. It is wielding a +0 dagger.
The helpless kobold fails to defend itself.
You tentacle-slap the kobold. Your grab misses the kobold.
You squeeze the kobold.
You kill the kobold!
d - a ring of poison resistance
There are no items here.
d - a ring of poison resistance (left tentacle)
You now have 11 gold pieces.
There are no items here.
Found a stone staircase leading down.
Found 17 gold pieces.
There is a stone staircase leading down here.
A gnoll comes into view. It is wielding a +0 club.
Found a leather armour.
The gnoll shouts!
You hear an angry hiss.
You hear a bark!
You tentacle-slap the gnoll. Your grab misses the gnoll.
The gnoll is moderately wounded.
The gnoll hits you with a +0 club.
You tentacle-slap the gnoll. Your grab misses the gnoll.
The gnoll is moderately wounded.
A jackal comes into view.
The gnoll misses you.
A jackal comes into view.
The jackal barks!
You tentacle-slap the gnoll but do no damage.
You grab the gnoll.
The gnoll is moderately wounded.
You constrict the gnoll, but do no damage.
The gnoll completely misses you.
You tentacle-slap the gnoll.
The gnoll is moderately wounded.
You constrict the gnoll.
A ball python comes into view.
The gnoll hits you with a +0 club!
Ouch! That really hurt!
You die...

#...#######
###...##....#
##......#....###
.
#..#...)#.......
..
#.##....#....###
...###
#>#####......# #
......###.#
##.....# #
#......#
#.###.###
###gh.## #..
#...#
#.h........#
##.#.....
..h##....##....
........ S
#..$..
.###........
#......
...#......
#.....##
##.##......
[...... #.
#.##...
.######## # ..
.... ..)


You could see a gnoll, 2 jackals and a ball python (wandering).

Vanquished Creatures
  A goblin (D:1)
  A hobgoblin (D:1)
  A ball python (D:1)
  A kobold (D:1)
4 creatures vanquished.

Notes
Turn   | Place    | Note
-------+----------+-------------------------------------------
     0 | D:1      | monsoonserge the Octopode Shapeshifter began the quest for
                  | the Orb.
     0 | D:1      | Reached XP level 1. HP: 13/13 MP: 1/1
    99 | D:1      | Slain by a gnoll

Illustrated notes

Levels and vault maps discovered:
D:1:      lordsloth_arrival_two_stooges, layout_rooms, serial_bayou_pond_d

Action                     || total
---------------------------++-------
  Melee: Unarmed           ||     9
         Constrict         ||     3
         Tentacles         ||     3
         Dagger            ||     2
   Stab: Sleeping          ||     1
 Armour: Skin              ||     5
  Dodge: Dodged            ||     4

Table legend: (Time is in decaauts)
 A = Elapsed time spent in this place.
 B = Non-inter-level travel time spent in this place.
 C = Inter-level travel time spent in this place.
 D = Time resting spent in this place.
 E = Time spent auto-exploring this place.
 F = Levels seen in this place.
 G = Mean time per level.
                   A        B        C        D        E       F      G
               +--------+--------+--------+--------+--------+-----+--------+
         Total |     97 |     97 |      0 |      0 |     47 |   1 |   97.0 |
       Dungeon |     97 |     97 |      0 |      0 |     47 |   1 |   97.0 |
               +--------+--------+--------+--------+--------+-----+--------+

Top non-repeatable levels by time:
     D:1: 97 daAuts
